 Seeded DCSS version 0.30-a0-738-g116ff8c4af (webtiles) character file.

Game seed: 394332929563463235 (custom seed)

123 timneilson the Covered (level 5, 0/33 HPs)
             Began as a Gargoyle Fighter on Feb 3, 2023.
             Slain by a gnoll sergeant
             ... wielding a +2 spear of pain
              (7 damage)
             ... on level 4 of the Dungeon.
             The game lasted 00:03:47 (2641 turns).

timneilson the Covered (Gargoyle Fighter)           Turns: 2641, Time: 00:03:48

Health: 0/33       AC: 16    Str: 22    XL:     5   Next: 7%
Magic:  5/5        EV:  7    Int:  8    God:
Gold:   202        SH:  4    Dex:  9    Spells: 4/4 levels left

rFire   + . .      SeeInvis .    a - +1 long sword
rCold   . . .      Faith    .    c - +0 buckler
rNeg    + . .      Spirit   .    i - +0 chain mail
rPois   ∞          Reflect  .    (no helmet)
rElec   +          Harm     .    h - +1 cloak "Jatz" {rF+}
rCorr   .          Rampage  .    (no gloves)
Will    .....                    m - +0 pair of boots Stlth
                                 (no amulet)
HPRegen 0.25/turn                (no ring)
MPRegen 0.09/turn                (no ring)

@: mighty
A: sickness immunity, AC +4, negative energy resistance 1, electricity
resistance, torment resistance 1, petrification resistance
a: no special abilities


You were on level 4 of the Dungeon.
You visited 1 branch of the dungeon, and saw 4 of its levels.

You collected 202 gold pieces.

Inventory:

Hand Weapons
 a - a +1 long sword (weapon)
Armour
 c - a +0 buckler (worn)
 h - the +1 cloak "Jatz" (worn) {rF+}
   (You acquired it on level 3 of the Dungeon)

   rF:        It protects you from fire.
 i - a +0 chain mail (worn)
 m - a +0 pair of boots (worn)
Jewellery
 l - a ring of wizardry
Scrolls
 o - 2 scrolls of teleportation
Potions
 b - 3 potions of mutation
 d - a potion of might
 e - a potion of brilliance
 j - 3 potions of lignification
 k - a potion of flight {unknown}


   Skills:
 + Level 3.7 Fighting
 * Level 2.8 Long Blades
 * Level 4.1 Armour
 + Level 1.0 Dodging
 * Level 4.1 Shields


You had 4 spell levels left.
You didn't know any spells.
Your spell library contained the following spells:

 Spells                   Type           Power      Damage    Failure   Level
 Ensorcelled Hibernation  Hex/Ice        0%         N/A       100%        2
 Passwall                 Tmut/Erth      0%         N/A       100%        2
 Swiftness                Air            0%         N/A       100%        3


Dungeon Overview and Level Annotations

Branches:
Dungeon (4/15)
 Temple: D:4-7

Altars:
Kikubaaqudgha
Makhleb


Innate Abilities, Weirdness & Mutations

You are immune to sickness and miasma.
Your stone body is resilient. (AC +4)
You are immune to poison.
You resist negative energy. (rN+)
You are resistant to electric shocks. (rElec)
You are resistant to unholy torment.
You are immune to petrification.


Message History

The hound is almost dead.
The hound bites you but does no damage. You block the gnoll sergeant's attack.
The hound bites you but does no damage.
You slash the hound!
You kill the hound!
The gnoll sergeant hits you from afar with a +2 spear of pain.
The gnoll sergeant barely misses you.
Your Dodging skill increases to level 1!
You have reached level 5!
The gnoll sergeant hits you with a +2 spear of pain.
The gnoll hits you but does no damage. You block the gnoll's attack.
You see here a hound corpse.
It was a potion of curing.
You feel better.
The gnoll sergeant hits you with a +2 spear of pain.
You block the gnoll's attack.
The gnoll hits you from afar with a +0 spear.
Okay, then.
You feel very mighty all of a sudden.
The gnoll sergeant hits you with a +2 spear of pain.
You writhe in agony.
The gnoll closely misses you.
The gnoll hits you from afar with a +0 spear.
You slash the gnoll sergeant!
The gnoll sergeant is heavily wounded.
The gnoll sergeant drinks a potion.
The gnoll sergeant is healed!
The gnoll hits you but does no damage.
The gnoll hits you from afar with a +0 spear.
You hit the gnoll sergeant but do no damage.
The gnoll sergeant is lightly wounded.
You block the gnoll sergeant's attack. You block the gnoll's attack.
The gnoll hits you from afar with a +0 spear.
* * * LOW HITPOINT WARNING * * *
You feel better. The gnoll hits you but does no damage.
The gnoll hits you from afar with a +0 spear.
You hit the gnoll sergeant but do no damage.
The gnoll sergeant is lightly wounded.
The gnoll sergeant hits you with a +2 spear of pain.
* * * LOW HITPOINT WARNING * * *
The gnoll barely misses you.
The gnoll hits you but does no damage. x2
The gnoll sergeant hits you with a +2 spear of pain!
You die...

#.# #.# #.# #.####
############## ##### #.##.#
....)........# #...######.##.#
...........g.# #...##.....##.#
...........gg###...##.###....#
......#######@............##.#
..... #.#......##.#.##.. ..g.
#........##.#.##.. ...
##.......##.#.##.. ..
#.....#####.#....# #
#......####.#.##.#
#........##.#.##.#
####.#....##.....##.#
.....................


You could see a gnoll sergeant and 2 gnolls.

Vanquished Creatures
  A hound (D:4)
  2 gnolls (D:3)
  2 adders (D:2)
  3 worms
  An orc (D:2)
  3 ball pythons (D:1)
  5 endoplasms
  3 giant cockroaches
  5 goblins
  3 hobgoblins
  A quokka (D:1)
  3 bats
  3 frilled lizards
  6 kobolds
  5 rats
46 creatures vanquished.

Notes
Turn   | Place    | Note
-------+----------+-------------------------------------------
     0 | D:1      | timneilson the Gargoyle Fighter began the quest for the
                  | Orb.
     0 | D:1      | Reached XP level 1. HP: 14/14 MP: 1/1
   194 | D:1      | Reached XP level 2. HP: 18/19 MP: 2/2
   786 | D:2      | Reached XP level 3. HP: 23/23 MP: 3/3
  1513 | D:2      | Reached XP level 4. HP: 28/28 MP: 4/4
  1809 | D:3      | Found a burning altar of Makhleb.
  1810 | D:3      | Found an ancient bone altar of Kikubaaqudgha.
  2057 | D:3      | Identified a scroll of acquirement
  2057 | D:3      | Acquired the +1 cloak "Jatz" {rF+}
  2270 | D:4      | Noticed a gnoll sergeant
  2635 | D:4      | Reached skill level 1 in Dodging
  2635 | D:4      | Reached XP level 5. HP: 16/33 MP: 5/5
  2641 | D:4      | Slain by a gnoll sergeant

Illustrated notes

Levels and vault maps discovered:
D:1:      matt_arrival_los_fun, layout_rooms, minmay_pentomino_r4
D:2:      layout_loops_corners, chequers_big_river
D:3:      minmay_door_path, layout_rooms, nicolae_overflow_two_pavilions,
          uniq_sigmund
D:4:      layout_basic, general_overflow_altar, lightli_minifort

Skill      XL: |  1  2  3  4 |
---------------+-------------+-----
Long Blades    | 2 |  2.8
Armour         | 4 |  4.1
Shields        | 4 |  4.1
Dodging        | 1 |  1.0
Fighting       | |  3.7

Action                     |  1- 3 |  4- 6 || total
---------------------------+-------+-------++-------
  Melee: Long sword        |   163 |    72 ||   235
    Use: Scroll            |     4 |     5 ||     9
         Potion            |       |     4 ||     4
 Armour: Scale mail        |    26 |       ||    26
         Chain mail        |   104 |    59 ||   163
  Dodge: Dodged            |    87 |    31 ||   118
  Block: Buckler           |    42 |    20 ||    62

Table legend: (Time is in decaauts)
 A = Elapsed time spent in this place.
 B = Non-inter-level travel time spent in this place.
 C = Inter-level travel time spent in this place.
 D = Time resting spent in this place.
 E = Time spent auto-exploring this place.
 F = Levels seen in this place.
 G = Mean time per level.
                   A        B        C        D        E       F      G
               +--------+--------+--------+--------+--------+-----+--------+
         Total |   2734 |   2562 |    172 |    133 |   1743 |   4 |  683.5 |
       Dungeon |   2734 |   2562 |    172 |    133 |   1743 |   4 |  683.5 |
               +--------+--------+--------+--------+--------+-----+--------+

Top non-repeatable levels by time:
     D:2: 1132 daAuts
     D:1: 681 daAuts
     D:3: 665 daAuts
     D:4: 255 daAuts
